 Dungeon Crawl Stone Soup version 0.27-a0-1200-g94dc6ad4cf (webtiles) character file.

Game seed: 1325762046282597256

9 polve the Chopper (level 2, -2/22 HPs)
             Began as a Demonspawn Gladiator on May 30, 2021.
             Slain by a jackal (3 damage)
             ... on level 1 of the Dungeon.
             The game lasted 00:00:22 (250 turns).

polve the Chopper (Demonspawn Gladiator)             Turns: 250, Time: 00:00:22

Health: -2/22      AC:  3    Str: 14    XL:     2   Next: 6%
Magic:  2/2        EV: 12    Int:  9    God:
Gold:   14         SH:  0    Dex: 14    Spells: 1/1 levels left

rFire    . . .     SeeInvis .   a - +0 war axe
rCold    . . .     Faith    .   (no shield)
rNeg     . . .     Spirit   .   b - +0 leather armour
rPois    .         Reflect  .   (helmet restricted)
rElec    .         Harm     .   (no cloak)
rCorr    .         Rampage  .   (no gloves)
Will     .....                  (no boots)
Stlth    +.........             (no amulet)
HPRegen  0.07/turn              (no ring)
MPRegen  0.08/turn              (no ring)

@: no status effects
A: antennae 1
a: no special abilities


You were on level 1 of the Dungeon.
You visited 1 branch of the dungeon, and saw 1 of its levels.

You collected 14 gold pieces.

Inventory:

Hand Weapons
 a - a +0 war axe (weapon)
Missiles
 d - 3 throwing nets (quivered)
Armour
 b - a +0 leather armour (worn)
 c - a +0 helmet
Scrolls
 e - a scroll of identify {unknown}
 f - a scroll of noise {unknown}


   Skills:
 - Level 2.0 Fighting
 + Level 3.3 Axes
 - Level 1.7 Throwing
 - Level 2.6 Dodging


You had one spell level left.
You didn't know any spells.
Your spell library was empty.

Dungeon Overview and Level Annotations

Branches:
Dungeon (1/15)

Altars:


Innate Abilities, Weirdness & Mutations

You have a pair of small antennae on your head.


Message History

The jackal bites you. The jackal misses you. The jackal closely misses you.
The jackal bites you but does no damage.
The jackal barely misses you. The jackal barely misses you.
The jackal misses you.
The jackal bites you but does no damage.
The jackal bites you but does no damage.
The jackal bites you. The jackal barely misses you.
The jackal barely misses you. The jackal misses you. The jackal bites you.
The jackal closely misses you. The jackal bites you.
The jackal bites you but does no damage. x2
The jackal bites you but does no damage.
The jackal bites you but does no damage.
The jackal completely misses you. The jackal bites you. The jackal bites you.
* * * LOW HITPOINT WARNING * * *
The jackal bites you.
* * * LOW HITPOINT WARNING * * *
The jackal bites you.
* * * LOW HITPOINT WARNING * * *
The jackal closely misses you.
The jackal bites you but does no damage.
The jackal barely misses you.
The jackal bites you but does no damage.
The jackal bites you but does no damage.
The jackal barely misses you.
The jackal bites you but does no damage.
The jackal closely misses you. The jackal bites you.
* * * LOW HITPOINT WARNING * * *
The jackal bites you.
* * * LOW HITPOINT WARNING * * *
The jackal bites you but does no damage.
The jackal bites you but does no damage.
The jackal bites you.
You die...

######### ........####
##. ........h..# ...#
.......@# ...#
...####.## ...#
#.####..# ...#
#.....#.#+### ...#
#####........
...############†.......
........................
...#############........
....# ........


You could see a jackal.

Vanquished Creatures
  A bat (D:1)
  An endoplasm (D:1)
  A goblin (D:1)
  A jackal (D:1)
  A kobold (D:1)
  2 ball pythons (D:1)
  A rat (D:1)
8 creatures vanquished.

Notes
Turn   | Place    | Note
-------+----------+-------------------------------------------
     0 | D:1      | polve the Demonspawn Gladiator began the quest for the Orb.
     0 | D:1      | Reached XP level 1. HP: 16/16 MP: 1/1
    35 | D:1      | Reached skill level 3 in Axes
   187 | D:1      | Gained mutation: You have a pair of small antennae on your
                  | head. [demonic ancestry]
   187 | D:1      | Reached XP level 2. HP: 22/22 MP: 2/2
   248 | D:1      | HP: 1/22 [jackal (1)]
   250 | D:1      | Slain by a jackal

Illustrated notes

Levels and vault maps discovered:
D:1:      ebering_trefoil_3fold, layout_basic, basic_ecumenical_altar,
          minmay_liquid_box, st_stairs_4

Skill      XL: |  1 |
---------------+----+-----
Axes           | 3 |  3.3
Fighting       | |  2.0
Throwing       | |  1.7
Dodging        | |  2.6

Action                   || total
-------------------------++-------
Melee: War axe           ||    13
Armor: Leather armour    ||    33
Dodge: Dodged            ||    48

Table legend: (Time is in decaauts)
 A = Elapsed time spent in this place.
 B = Non-inter-level travel time spent in this place.
 C = Inter-level travel time spent in this place.
 D = Time resting spent in this place.
 E = Time spent auto-exploring this place.
 F = Levels seen in this place.
 G = Mean time per level.
                   A        B        C        D        E       F      G
               +--------+--------+--------+--------+--------+-----+--------+
         Total |    255 |    255 |      0 |      0 |    170 |   1 |  255.0 |
       Dungeon |    255 |    255 |      0 |      0 |    170 |   1 |  255.0 |
               +--------+--------+--------+--------+--------+-----+--------+

Top non-repeatable levels by time:
     D:1: 255 daAuts
